Map: Ley Lines

Players

kitune

  • Race: Zerg Zerg
  • Spawn Location: 7:00

Zami - Winner!

  • Race: Terran Terran
  • League: Gold
  • Spawn Location: 1:00

VOD

Have the link to the VOD?

Description

Time

  • Played on: May 5, 2025, 9:59 a.m.
  • Length: 9:17
Show
View Real Time Build Order
Export as new Build Order

kitune Zerg 

Build Orders: Pool First 

Get SALT Encoding   

  12  0:04  Drone  
  13  0:14  Overlord  
  13  0:22  Drone  
  14  0:33  Drone x2  
  16  0:43  Spawning Pool  
  16  0:45  Drone  
  16  0:49  Drone  
  17  1:10  Hatchery  
  16  1:12  Drone  
  16  1:14  Extractor  
  16  1:31  Zergling x2  
  16  1:32  Zergling x4  
  19  1:56  Queen  
  19  1:57  Drone, Overlord  
  22  2:17  Metabolic Boost  
  22  2:20  Drone x2  
  24  2:31  Queen  
  26  2:38  Queen  
  27  2:55  Drone  
  27  2:56  Drone x5  
  32  3:19  Overlord  
  32  3:20  Overlord x2  
  32  3:22  Overlord  
  32  3:24  Lair  
  32  3:37  Queen  
  32  3:39  Zergling x4  
  32  3:40  Zergling x2  
  37  3:45  Drone  
  37  3:46  Drone x2  
  40  3:50  Drone  
  40  3:51  Drone  
  42  3:57  Extractor  
  42  3:58  Extractor  
  42  3:59  Drone  
  42  4:00  Drone  
  42  4:01  Extractor  
  41  4:10  Drone  
  41  4:12  Drone x2  
  41  4:13  Drone  
  45  4:24  Spire  
  44  4:26  Drone  
  44  4:28  Drone  
  44  4:31  Drone x2  
  48  4:51  Drone  
  48  4:52  Drone  
  50  4:53  Drone x2  
  50  4:54  Overlord  
  50  4:55  Overlord x2  
  51  5:14  Drone  
  51  5:15  Drone x3  
  51  5:17  Overlord  
  56  5:21  Zergling x2  
  56  5:22  Baneling Nest, Zergling x4  
  57  5:38  Drone  
  57  5:40  Mutalisk x3  
  57  5:41  Mutalisk x3  
  70  6:11  Queen  
  70  6:14  Zergling x2  
  70  6:15  Zergling x20  
  83  6:25  Mutalisk  
  77  6:49  Mutalisk x7  
  77  6:52  Baneling  
  77  6:53  Baneling x2  
  91  6:59  Overlord x2  
  91  7:00  Overlord  
  91  7:13  Baneling  
  91  7:14  Baneling x8  
  91  7:16  Queen, Overlord  
  91  7:17  Hatchery  
  91  7:22  Drone  
  93  7:32  Evolution Chamber  
  93  7:35  Drone  
  93  7:36  Drone x10  
  65  8:27  Zergling x6  
  65  8:28  Zergling x20  
  52  8:51  Zergling x2  
  52  8:52  Zergling x2  
Show
View Real Time Build Order
Export as new Build Order

Zami Terran - Winner!

Build Orders:  

Get SALT Encoding   

  12  0:00  SCV  
  13  0:13  SCV  
  14  0:17  Supply Depot  
  14  0:25  SCV  
  15  0:38  SCV  
  15  0:40  Barracks  
  16  0:47  Refinery  
  16  0:50  SCV  
  17  1:03  SCV  
  18  1:15  SCV  
  19  1:30  Orbital Command  
  19  1:31  Barracks Reactor  
  19  1:44  Command Center  
  19  1:55  SCV  
  20  2:04  Supply Depot  
  20  2:07  Marine  
  20  2:08  SCV, Marine  
  23  2:18  Bunker  
  23  2:26  SCV  
  23  2:39  Marine x2  
  24  2:57  SCV  
  25  3:09  SCV  
  26  3:17  Factory  
  26  3:21  SCV  
  26  3:25  Barracks  
  27  3:27  Barracks  
  27  3:32  Refinery  
  27  3:33  SCV  
  28  3:39  Supply Depot  
  28  3:41  Marine x2  
  30  3:49  Orbital Command  
  30  3:55  SCV  
  31  3:59  Marine x2  
  33  4:12  Engineering Bay  
  33  4:13  Barracks Tech Lab  
  33  4:14  Engineering Bay  
  33  4:15  Barracks Tech Lab  
  33  4:16  Marine  
  34  4:17  Marine  
  34  4:20  SCV  
  36  4:28  SCV  
  37  4:32  Factory Reactor, SCV  
  38  4:38  Starport  
  38  4:39  Marine  
  38  4:40  Marine  
  38  4:43  Combat Shield  
  40  4:45  Stimpack  
  40  4:52  SCV  
  41  4:53  SCV  
  42  5:04  SCV  
  42  5:05  SCV  
  44  5:16  SCV  
  44  5:17  SCV  
  44  5:20  Factory Reactor  
  46  5:27  Marine x2  
  46  5:28  Supply Depot, Marine x2  
  49  5:29  Supply Depot x2, SCV x2  
  52  5:36  Terran Infantry Weapons Level 1  
  52  5:37  Terran Infantry Armor Level 1  
  52  5:43  SCV x2  
  52  5:45  Marine x2  
  52  5:46  Marauder x2  
  60  5:54  Barracks  
  60  5:55  SCV x2  
  62  5:59  Medivac  
  62  6:03  Marine x2  
  66  6:07  SCV x2  
  66  6:10  Hellion x2  
  72  6:14  Marine  
  72  6:15  Marine  
  74  6:19  SCV  
  74  6:20  Marine  
  74  6:21  Medivac  
  78  6:29  Concussive Shells  
  78  6:33  Marauder x2  
  80  7:04  SCV x2  
  80  7:05  Marine  
  80  7:06  Marine x3  
  86  7:08  Armory  
  87  7:22  SCV  
  87  7:23  Marine x2  
  87  7:24  Marauder x2  
  87  7:25  Supply Depot  
  87  7:28  Supply Depot  
  93  7:30  Missile Turret  
  93  7:31  Missile Turret x2  
  93  7:32  Missile Turret x2  
  93  7:36  Missile Turret  
  93  7:38  Missile Turret x2  
  93  7:43  Missile Turret  
  89  8:00  Missile Turret  
  89  8:02  Missile Turret  
  86  8:13  Marine x5  
  81  8:30  Marine  
  81  8:31  Marine x2  
  81  8:33  Marine x2  
  85  8:39  Medivac x2  
  89  8:48  Marine x2  
  89  8:49  Marine  
  89  8:51  Marine  
Tags
 
League
Gold
Matchup
TvZ
Opening
Pool First
Spawn Locations
Cross Positions
Add a new tag
Caveats
  • Supply blocks, unpowered buildings, or Contaminate may cause inaccurate times.
  • Supply counts are checked every 10 seconds.